ransylhack, neutral female sylph Ranger ------ --- ----- --..|.--- ---.| |... |.......| |...| |... |.......---...| +..- --............| |..| |.............-----..| |...--.|.............| ---- ----.|.........I| --- -----.----...| ----.------ |.|..+...| --.|.......| |.|..|...| |........-.---.----...- |................|..... --......---..-...|..#.... ---......| |......|-. ..{... |....---.------...--. |....# -....| |..-- |...... -.... |.....| -.<.| ----...- ----- |.....||...-- ..-- --.------..| --- -- ---- ransylhack the Lookout Experience level: 5 Strength: 15 Dexterity: 11 Constitution: 14 Intelligence: 13 Wisdom: 13 Charisma: 9 Health: 0(34) Energy: 22(22) Def: 2 Gold: 79 Moves: 1694 Dungeon seed: 2ZTARbndafY-ONOL Game ID: ransylhack_1456338120 Your Inventory: Coins $ - 79 gold pieces Weapons a - an uncursed +1 dagger (weapon in hand) b - an uncursed +2 bow (alternate weapon; not wielded) c - 53 uncursed +2 arrows d - 36 uncursed +0 arrows (in quiver) C - 14 uncursed +0 daggers E - 12 cursed -1 darts H - a blessed +0 dagger Armor e - an uncursed burnt +2 cloak of displacement (being worn) q - an uncursed +1 dwarvish mithril-coat y - an uncursed +0 dwarvish cloak N - a blessed +2 dwarvish mithril-coat Y - an uncursed +0 dwarvish cloak Comestibles f - 4 uncursed cram rations r - an uncursed eucalyptus leaf Spellbooks D - an uncursed spellbook of cancellation Potions F - an uncursed potion of object detection Rings A - an uncursed ring of stealth Wands g - an uncursed wand of slow monster (0:3) G - an uncursed wand of digging (0:5) I - an uncursed wand of make invisible (0:6) Tools k - an uncursed skeleton key B - 6 uncursed tallow candles (0:200) Gems n - an uncursed sapphire Spells and supernatural/magical abilities: Name Level Category Fail Memory W - pray for help -- divine ? -- Your skills at the end: Miscellaneous Skills wands [Basic] Weapon Skills dagger [Basic] bow [Basic] Spellcasting Skills Final Attributes: You were devoutly aligned. You saw invisible. You had automatic searching. You had infravision. You were displaced. You were stealthy. You were protected from shape changers. You are dead. Vanquished creatures: 3 gnome lords 4 dwarves 2 gas spores a hobbit 2 large kobolds 2 geckos a yellow mold 8 gnomes 3 jackals 2 newts 2 goblins a bat 4 lichens 35 creatures vanquished. Voluntary challenges: You followed a strict vegan diet. You did not adorn yourself with jewelry or accessories. You used a wielded weapon 47 times, starting on turn 104. You did not apply a unicorn horn. You were illiterate. You never genocided any monsters. You never polymorphed an object. You never changed form. You used no wishes. You never split a pudding. You never wrote Elbereth's name. You never violated your personal moral code. Dungeon overview: The Dungeons of Doom: levels 1 to 4 Level 1 a fountain, a sink a long staircase Level 2 Level 3 (stash, vault) an altar to Venus, a fountain, a sink stairs to The Gnomish Mines Level 4 The Gnomish Mines: levels 4 to 6 Level 4 stairs to The Dungeons of Doom Level 5 Level 6 <- You were here a fountain, some trees History has recorded: On T:1 you entered the Dungeons of Doom to retrieve the Amulet of Yendor! On T:165 you reached level 2 of The Dungeons of Doom. On T:508 you reached level 3 of The Dungeons of Doom. On T:695 you advanced to experience level 2. On T:913 you reached level 4 of The Dungeons of Doom. On T:957 you advanced to experience level 3. On T:1031 you reached level 1 of The Gnomish Mines. On T:1164 you advanced to experience level 4. On T:1387 you reached level 2 of The Gnomish Mines. On T:1538 you advanced to experience level 5. On T:1579 you reached level 3 of The Gnomish Mines. Score breakdown: Gold: 79 ( 7 points) Experience: 5 levels ( 400 points) Exploration: 6 levels ( 150 points) Discoveries: 2 items ( 100 points) Variety of kills: 13 monsters ( 650 points) Major goal: (nothing yet) ( 0 points) Survival: died (score multiplied by 3) Total score: 3921 Latest messages: You stab the dwarf. You faint from lack of food. Something hits you! (3x) You try to draw healing from your surroundings, but you are too weak. Something hits you! (2x) You die... Final status: Goodbye ransylhack the Ranger, killed by a dwarf, while fainted from lack of food... You died in The Gnomish Mines on dungeon level 6 with 3921 points, and 79 pieces of gold, after 1694 moves. You were level 5 with a maximum of 34 hit points when you died.